 Dungeon Crawl Stone Soup version 0.20.1-1-g8b1a95d (webtiles) character file.

299 dmj the Covered (level 6, 0/53 HPs)
             Began as a Minotaur Fighter on July 31, 2017.
             Was an Initiate of the Shining One.
             Succumbed to a kobold's poison
             ... on level 3 of the Dungeon.
             The game lasted 00:10:49 (1828 turns).

dmj the Covered (Minotaur Fighter)                  Turns: 1828, Time: 00:10:50

Health: 0/53       AC:  8    Str: 28    XL:     6   Next: 13%
Magic:  5/5        EV: 14    Int:  5    God:    the Shining One [......]
Gold:   135        SH: 11    Dex: 14    Spells: 5/5 levels left

rFire    . . .     SeeInvis .   a - +0 war axe
rCold    . . .     Gourm    .   c - +0 shield
rNeg     . . .     Faith    .   b - +0 scale mail
rPois    +         Spirit   .   (helmet restricted)
rElec    .         Reflect  .   (no cloak)
rCorr    .         Harm     .   (no gloves)
MR       .....                  k - +0 pair of boots
Stlth    +.........             (no amulet)
Regen    0.2/turn               h - ring of poison resistance
MPRegen  0.1/turn               (no ring)

@: mighty, agile, lethally poisoned (0 -> -12), glowing
A: retaliatory headbutt, horns 2
a: Renounce Religion


You were on level 3 of the Dungeon.
You worshipped the Shining One.
The Shining One was noncommittal.
You were not hungry.

You visited 1 branch of the dungeon, and saw 3 of its levels.

You collected 135 gold pieces.

Inventory:

Hand Weapons
 a - a +0 war axe (weapon)
Armour
 b - a +0 scale mail (worn)
 c - a +0 shield (worn)
 k - a +0 pair of boots (worn)
Jewellery
 h - a ring of poison resistance (left hand)
 m - an uncursed ring of protection from cold {unknown}
Wands
 p - a wand of random effects (30/48)
Scrolls
 g - 3 scrolls of identify
 j - a scroll of remove curse
 l - a scroll of blinking
 q - a scroll of noise {unknown}
Potions
 d - 2 potions of might
 o - a potion of cancellation
Comestibles
 f - 4 bread rations
 i - a meat ration


   Skills:
 + Level 4.4 Fighting
 + Level 4.7 Axes
 + Level 5.0 Armour
 + Level 2.0 Dodging
 + Level 5.0 Shields


You had 5 spell levels left.
You didn't know any spells.

Dungeon Overview and Level Annotations

Branches:
Dungeon (3/15)

Altars:
Makhleb
Ru
The Shining One


Innate Abilities, Weirdness & Mutations

You reflexively headbutt those who attack you in melee.
You have a pair of horns on your head.


Message History

* * * LOW HITPOINT WARNING * * *
You feel sick.
Okay, then.
Okay, then.
You feel very mighty all of a sudden.
* * * LOW HITPOINT WARNING * * *
You feel sick. The kobold barely misses you. You furiously retaliate!
You headbutt the kobold. You barely miss the kobold. You headbutt the kobold.
You kill the kobold!
* * * LOW HITPOINT WARNING * * *
You feel sick.
You hit the giant cockroach. You headbutt the giant cockroach.
You kill the giant cockroach!
* * * LOW HITPOINT WARNING * * *
You feel sick.
h - a ring of poison resistance (left hand) It was a potion of agility.
You feel agile all of a sudden.
You die...

##.#### #..†......#
......# ####..######
#..##.# #........#
...##.#####.†.(..#.##..
..#............(.K..'..
...##.#####..(((.#.##
#.###.# #.##..## #
...(..# #.##..##.#
#.##### #...(.@).# #.#
#..?(.##...... #.#
####.## ..... #.# #...
.... #.# #.... ... #.#
#...## .. #.# ##### .
..# ###


There were no monsters in sight!

Vanquished Creatures
  An ice beast (D:3)
  The ghost of polve the Firebug, an amateur GrFE (D:3)
  2 orc priests (D:3)
  2 adders
  5 worms
  2 leopard geckos
  2 orcs (D:3)
  5 giant cockroaches
  4 goblins
  2 hobgoblins
  7 kobolds
  A quokka (D:3)
  2 ball pythons (D:1)
  9 bats
  3 frilled lizards
  7 rats
55 creatures vanquished.

Notes
Turn   | Place    | Note
-------+----------+-------------------------------------------
     0 | D:1      | dmj the Minotaur Fighter began the quest for the Orb.
     0 | D:1      | Reached XP level 1. HP: 19/19 MP: 0/0
   195 | D:1      | Reached XP level 2. HP: 21/27 MP: 1/1
   602 | D:2      | Reached XP level 3. HP: 12/33 MP: 2/2
   872 | D:2      | Found a glowing golden altar of the Shining One.
   879 | D:2      | Became a worshipper of the Shining One
  1067 | D:2      | Found a burning altar of Makhleb.
  1127 | D:3      | Noticed an ice beast
  1137 | D:3      | Killed an ice beast
  1137 | D:3      | Reached skill level 1 in Dodging
  1137 | D:3      | Reached XP level 4. HP: 24/40 MP: 3/3
  1137 | D:3      | Reached XP level 5. HP: 28/46 MP: 4/4
  1318 | D:3      | Noticed polve's ghost (amateur GrFE)
  1333 | D:3      | Killed polve's ghost
  1600 | D:3      | Reached skill level 5 in Armour
  1604 | D:3      | Reached skill level 5 in Shields
  1604 | D:3      | Reached XP level 6. HP: 9/53 MP: 5/5
  1782 | D:3      | Found a sacrificial altar of Ru.
  1826 | D:3      | HP: 2/53 [poisoned by a kobold]
  1828 | D:3      | Succumbed to a kobold's poison

Skill      XL: |  1  2  3  4  5  6 |
---------------+-------------------+-----
Fighting       | 4 |  4.4
Axes           | 3 4 |  4.7
Armour         | 4 5 |  5.0
Shields        | 4 5 |  5.0
Dodging        | 1 2 |  2.0

Action                   |  1- 3 |  4- 6 || total
-------------------------+-------+-------++-------
Melee: War axe           |    69 |    53 ||   122
       Headbutt          |     9 |    11 ||    20
  Use: Scroll            |     3 |     2 ||     5
       Potion            |     6 |     3 ||     9
  Eat: Fruit             |     1 |       ||     1
       Chunk             |       |     1 ||     1
       Meat ration       |       |     1 ||     1
Armor: Scale mail        |    50 |    13 ||    63
       Skin              |       |     1 ||     1
Dodge: Dodged            |    24 |    14 ||    38
Block: Shield            |    32 |    22 ||    54
